 Dungeon Crawl Stone Soup version 0.17-b1-20-g63edfd6 (webtiles) character file.

146 l0ser140 the Firebug (level 5, -2/31 HPs)
             Began as an Octopode Fire Elementalist on Nov 4, 2015.
             Was an Initiate of Vehumet.
             Killed from afar by an orc wizard (13 damage)
             ... with a puff of flame
             ... on level 4 of the Dungeon.
             The game lasted 00:11:29 (3420 turns).

l0ser140 the Firebug (Octopode Fire Elementalist)   Turns: 3420, Time: 00:11:29

Health: -2/31      AC:  1    Str:  7    XL:     5   Next: 28%
Magic:  4/8        EV: 16    Int: 18    God:    Vehumet [......]
Gold:   161        SH:  0    Dex: 13    Spells: 3 memorised, 3 levels left

rFire  . . .     SeeInvis .     f - +0 dagger (elec)
rCold  . . .     Clarity  .     (no shield)
rNeg   . . .     SustAt   .     (helmet restricted)
rPois  .         Gourm    .     (no amulet)
rElec  .         Spirit   .     (no ring)
rCorr  .         Warding  .     j - +3 ring of evasion
rMut   .         Stasis   .     (no ring)
MR     .....                    (no ring)
Stlth  ++++......               (no ring)
                                (no ring)
                                (no ring)
                                (no ring)

@: not resistant to hostile enchantments, stealthy
A: almost no armour, amphibious, 8 rings, constrict 8, camouflage 1, gelatinous
body 1
a: Renounce Religion


You were on level 4 of the Dungeon.
You worshipped Vehumet.
Vehumet was noncommittal.
You were hungry.

You visited 2 branches of the dungeon, and saw 5 of its levels.

You collected 161 gold pieces.

Inventory:

Hand Weapons
 f - a +0 dagger of electrocution (weapon)
Missiles
 e - 11 stones (quivered)
Jewellery
 j - a +3 ring of evasion (right tentacle)
 l - an uncursed amulet of faith
 v - an uncursed ring of teleportation
Wands
 u - a wand of polymorph (16)
Scrolls
 d - 2 scrolls of teleportation {unknown}
 g - a scroll of fear {unknown}
 k - 2 scrolls of recharging
 m - a scroll of fog {unknown}
 n - a scroll of noise {unknown}
Potions
 c - a potion of lignification {unknown}
 h - a potion of degeneration {unknown}
 p - 2 potions of curing
 q - 2 potions of heal wounds
 r - a potion of agility
 s - a potion of haste
 t - a potion of might {unknown}
Books
 a - a book of Flames

   Spells                             Type                      Level
   a - Flame Tongue                   Conjuration/Fire             1
   b - Throw Flame                    Conjuration/Fire             2
   c - Conjure Flame                  Conjuration/Fire             3
   d - Inner Flame                    Hexes/Fire                   3
   e - Sticky Flame                   Conjuration/Fire             4
   f - Fireball                       Conjuration/Fire             5
Comestibles
 b - 4 bread rations
 i - a meat ration


   Skills:
 - Level 0.2 Fighting
 - Level 3.0 Dodging
 - Level 3.6 Stealth
 - Level 2.5 Spellcasting
 + Level 2.2 Conjurations
 + Level 4.0 Fire Magic


You had 3 spell levels left.
You knew the following spells:

 Your Spells              Type           Power        Failure   Level  Hunger
a - Flame Tongue          Conj/Fire      ##...        6%          1    #......
b - Conjure Flame         Conj/Fire      ##......     17%         3    ###....
s - Throw Flame           Conj/Fire      ##....       10%         2    ##.....


Dungeon Overview and Level Annotations

Branches:
Dungeon (4/15)             Temple (1/1) D:4

Altars:
Dithmenos
Elyvilon
Fedhas
Gozag
Makhleb
Nemelex Xobeh
Okawaru
Qazlal
Sif Muna
Vehumet
Zin

Annotations:
D:3 1 runed door


Innate Abilities, Weirdness & Mutations

You cannot wear most types of armour.
You are amphibious.
You can wear up to eight rings at the same time.
You can use your tentacles to constrict eight enemies at once.
Your skin changes colour to match your surroundings (Stealth).
Your rubbery body absorbs attacks (AC +1).


Message History

Okay, then.
You hear some strange, mumbled words.
A puff of flame appears from out of thin air!
The puff of flame misses you.
You hear some strange, mumbled words.
The orc priest mumbles some strange prayers to Beogh against you.
Something smites you!
There is an open door here.
You close the door.
An orc priest opens the door.
There is a staircase to the Ecumenical Temple here.
An orc wizard appears from thin air!
Reactivating autopickup.
The orc priest calls upon Beogh to heal the orc wizard.
The orc wizard is healed somewhat.
The orc wizard casts a spell at you. The magic dart hits you!
The orc wizard points at you and mumbles some strange words.
The puff of flame hits you!
You die...

* #:.#.....# ###.###..#*
* *..#.....# #.......##
******,.......###.......#
,,,,,,*#......##........#
,,,,,,*#......##........#
,,,,..##...).,..........#
,,,,........####........#
,,,,,,***#...# #........#
,,,,,,* ###.###@###..^##
*,***** #..#.....#...#
*,* #..#.⌠.⌠.#.### *,**
#..'..o..'.# *.,**
##.##.⌠.⌠.### *#.,*
###..##..o..#
**#.##*#...#####'###
*##...##.### #...#
,...#..#.# ##.##


You could see an orc priest and an orc wizard.

Vanquished Creatures
  A hound (D:4)
  3 adders
  2 adder skeletons (D:4)
  3 worms
  A giant gecko (D:2)
  3 orcs
  A ball python (D:3)
  7 bats
  4 giant cockroaches
  7 goblins
  2 hobgoblins (D:1)
  9 jackals
  10 kobolds
  2 giant newts
  A quokka (D:2)
  9 rats
65 creatures vanquished.

Notes
Turn   | Place    | Note
--------------------------------------------------------------
     0 | D:1      | l0ser140 the Octopode Fire Elementalist began the quest for the Orb.
     0 | D:1      | Reached XP level 1. HP: 11/11 MP: 3/3
   389 | D:1      | Reached XP level 2. HP: 13/17 MP: 5/5
   459 | D:1      | Learned a level 2 spell: Throw Flame
  1009 | D:2      | Reached XP level 3. HP: 19/21 MP: 3/6
  1190 | D:2      | Found a burning altar of Makhleb.
  1588 | D:2      | Reached XP level 4. HP: 15/27 MP: 7/7
  1730 | D:2      | Found a deep blue altar of Sif Muna.
  2272 | D:3      | Found a white marble altar of Elyvilon.
  2272 | D:3      | Found a runed door.
  2272 | D:3      | Noticed an angel
  3049 | D:4      | Learned a level 3 spell: Conjure Flame
  3085 | D:4      | Reached XP level 5. HP: 31/31 MP: 4/8
  3169 | D:4      | Found a staircase to the Ecumenical Temple.
  3175 | Temple   | Entered the Ecumenical Temple
  3341 | Temple   | Became a worshipper of Vehumet
  3400 | D:4      | Reached skill level 4 in Fire Magic
  3420 | D:4      | Killed from afar by an orc wizard

Action                   |  1- 3 |  4- 6 || total
-------------------------+-------+-------++-------
Melee: Unarmed           |    13 |       ||    13
       Dagger            |    50 |    28 ||    78
Throw: Stone             |     1 |       ||     1
 Cast: Flame Tongue      |    24 |    14 ||    38
       Throw Flame       |    14 |    13 ||    27
  Use: Scroll            |       |     7 ||     7
 Stab: Sleeping          |     3 |     6 ||     9
  Eat: Chunk             |     3 |     6 ||     9
